 Dungeon Crawl Stone Soup version 0.21-a0-104-g7b58145 (webtiles) character file.

156 4thArraOfDagon the Insei (level 5, 0/24 HPs)
             Began as a Vine Stalker Wanderer on July 5, 2017.
             Slain by a jelly (3 damage)
             ... on level 5 of the Dungeon.
             The game lasted 00:03:43 (662 turns).

4thArraOfDagon the Insei (Vine Stalker Wanderer)     Turns: 662, Time: 00:03:45

Health: 0/24       AC: -1    Str: 13    XL:     5   Next: 37%
Magic:  0/7        EV: 11    Int: 14    God:
Gold:   52         SH:  0    Dex: 14    Spells: 6/6 levels left

rFire    . . .     SeeInvis .     - Unarmed
rCold    . . .     Gourm    .   (no shield)
rNeg     . . .     Faith    .   d - +0 robe
rPois    .         Spirit   +   (no helmet)
rElec    .         Reflect  .   (no cloak)
rCorr    .         Harm     .   (no gloves)
MR       .....                  (no boots)
Stlth    ++........             (no amulet)
HPRegen  0.48/turn              k - ring of stealth
MPRegen  0.10/turn              (no ring)

@: corroded
A: fangs 2, regeneration 1, magic shield, antimagic bite, no potion heal 3, rot
immunity
a: no special abilities


You were on level 5 of the Dungeon.
You were not hungry.

You visited 1 branch of the dungeon, and saw 6 of its levels.

You collected 52 gold pieces.

Inventory:

Hand Weapons
 e - a +0 club
Armour
 d - a +0 robe (worn)
Jewellery
 k - a ring of stealth (left hand)
Wands
 a - a wand of confusion (6/48)
Scrolls
 j - 2 scrolls of identify {unknown}
 l - 2 scrolls of teleportation {unknown}
 m - 2 scrolls of remove curse {unknown}
 p - a scroll of recharging {unknown}
 q - a scroll of amnesia {unknown}
 s - a scroll of random uselessness {unknown}
Potions
 c - a potion of curing
 g - 2 potions of magic {unknown}
 h - a potion of cancellation {unknown}
 i - a potion of might {unknown}
 n - a potion of flight {unknown}
 o - 2 potions of brilliance {unknown}
Books
 b - the Handbook of Enhancements

   Spells                             Type                      Level
   a - Swiftness                      Charms/Air                   2
   b - Shroud of Golubria             Charms/Translocation         2
Comestibles
 f - a bread ration
 r - 3 chunks of flesh


   Skills:
   Level 1.0 Axes
 - Level 1.5 Armour
   Level 1.0 Shields
 * Level 4.9 Unarmed Combat
 - Level 1.1 Spellcasting
   Level 2.0 Conjurations
   Level 2.0 Charms
 - Level 1.0 Evocations


You had 6 spell levels left.
You didn't know any spells.

Dungeon Overview and Level Annotations

Branches:
Dungeon (6/15)
 Temple: D:4-7

Altars:

Annotations:
D:3 Robin


Innate Abilities, Weirdness & Mutations

You have extremely sharp teeth.
Your natural rate of healing is unusually fast.
When hurt, damage is shared between your health and your magic reserves.
Your bite disrupts and absorbs the magic of your enemies.
Potions cannot restore your health.
You are immune to rotting.


Message History

Unknown command.
You hit the jelly.
Your hands burn!
You bite the jelly, but do no damage.
The jelly is lightly wounded.
Unknown command.
You punch the jelly! The acid corrodes you!
Your hands burn!
You bite the jelly, but do no damage.
The jelly is heavily wounded.
Unknown command.
You hit the jelly.
Your hands burn!
* * * LOW HITPOINT WARNING * * *
The jelly is almost dead.
Unknown command.
Unknown command.
You strike the helpless jelly from behind!
You hit the jelly.
Your hands burn!
* * * LOW HITPOINT WARNING * * *
You bite the jelly, but do no damage.
The jelly is almost dead.
The jelly hits you.
You die...

#.# # #.
#####.#.#####
#.#####..>.........
#..............####
#..####.......##
#..####.......#
#................
#.............###
#.#.#.@.......#
#....J.##.....#
#...............
###.#...........
#.......##..#.
###..#### .# #..#
##.# .#


You could see a jelly (confused).

Vanquished Creatures
  An ogre (D:6)
  A bullfrog zombie (D:5)
  2 adders
  A leopard gecko (D:1)
  A giant cockroach (D:4)
  4 goblins
  A hobgoblin (D:1)
  2 jackals (D:6)
  2 frilled lizards
  2 kobolds
  A quokka skeleton (D:5)
  4 rats
22 creatures vanquished.

Notes
Turn   | Place    | Note
-------+----------+-------------------------------------------
     0 | D:1      | 4thArraOfDagon the Vine Stalker Wanderer began the quest for the Orb.
     0 | D:1      | 4thArraOfDagon set off with: a wand of confusion (15/48), the Handbook of Enhancements, a potion of curing, a +0 robe, a +0 club, a bread ration
     0 | D:1      | Reached XP level 1. HP: 9/9 MP: 3/3
    77 | D:1      | Reached skill level 1 in Unarmed Combat
   178 | D:2      | Reached XP level 2. HP: 4/13 MP: 4/4
   239 | D:2      | Reached skill level 2 in Unarmed Combat
   460 | D:3      | Noticed Robin
   508 | D:4      | Reached XP level 3. HP: 11/16 MP: 3/5
   524 | D:4      | You fall through a shaft for 2 floors!
   524 | D:6      | Noticed an ogre
   546 | D:6      | Killed an ogre
   546 | D:6      | Reached skill level 4 in Unarmed Combat
   546 | D:6      | Gained mutation: Your natural rate of healing is unusually fast. [Vine Stalker growth]
   546 | D:6      | Reached XP level 4. HP: 16/21 MP: 6/6
   566 | D:6      | Reached XP level 5. HP: 20/24 MP: 5/7
   580 | D:5      | Entered Level 5 of the Dungeon
   662 | D:5      | Slain by a jelly

Vault maps used:
D:1:      lemuel_arrival_broad_hall, minmay_misc_feat_x, minmay_misc_feat_tower
D:2:      minmay_unequal, uniq_natasha
D:3:      uniq_sigmund, uniq_grinder, uniq_robin
D:4:      first_bread, led_sif_pool
D:5:      nicolae_ru_path_of_blood
D:6:      hex_medium

Skill      XL: |  1  2  3 |
---------------+----------+-----
Unarmed Combat | 1 2 4 |  4.9
Axes           | |  1.0
Armour         | |  1.5
Shields        | |  1.0
Spellcasting   | |  1.1
Conjurations   | |  2.0
Charms         | |  2.0
Evocations     | |  1.0

Action                   |  1- 3 |  4- 6 || total
-------------------------+-------+-------++-------
Melee: Unarmed           |    62 |    27 ||    89
       Bite              |    12 |     8 ||    20
       Punch             |     1 |       ||     1
Evoke: Wand              |     6 |     3 ||     9
 Stab: Sleeping          |     6 |       ||     6
       Confused          |     4 |     1 ||     5
Armor: Robe              |     3 |     5 ||     8
Dodge: Dodged            |    17 |    16 ||    33
